 Dungeon Crawl Stone Soup version 0.31.0-32-g396128a36d (webtiles) character file.

Game seed: 8760789625206308747

9 jjthehollowmonke the Firebug (level 2, -1/20 HPs)
             Began as a Gnoll Fire Elementalist on Mar 25, 2024.
             Slain by a kobold
             ... wielding a +0 dagger of venom
              (2 damage)
             ... on level 2 of the Dungeon.
             The game lasted 00:05:47 (530 turns).

jjthehollowmonke the Firebug (GnFE)                  Turns: 530, Time: 00:05:48

Health: -1/20      AC:  2    Str:  7    XL:     2   Next: 12%
Magic:  5/7        EV: 13    Int: 14    God:
Gold:   28         SH:  0    Dex: 12    Spells: 7/10 levels left

rFire   + . .        d - staff of fire
rCold   . . .        (no shield)
rNeg    . . .        a - +0 robe
rPois   .            (helmet restricted)
rElec   .            (no cloak)
rCorr   .            (no gloves)
SInv    .            (no boots)
Will    .....        (no amulet)
Stlth   ++           (no ring)
HPRegen 0.23/turn    (no ring)
MPRegen 0.10/turn

%: clarity
@: mighty, lethally poisoned (-1 -> -3)
A: fangs 1, strong nose, distributed training, horns 1, clarity, inability to
drink after injury 1
a: no special abilities


You were on level 2 of the Dungeon.
You visited 1 branch of the dungeon, and saw 2 of its levels.

You collected 28 gold pieces.

Inventory:

Hand Weapons
 g - a +0 mace
Armour
 a - a +0 robe (worn)
Magical Staves
 d - a staff of fire (weapon)
Potions
 b - 2 potions of magic


   Skills:
 + Level 0.3 Fighting
 + Level 0.3 Short Blades
 + Level 0.3 Long Blades
 + Level 0.3 Axes
 + Level 0.3 Maces & Flails
 + Level 0.3 Polearms
 + Level 0.3 Staves
 + Level 0.3 Ranged Weapons
 + Level 0.3 Throwing
 + Level 0.3 Armour
 + Level 4.4 Dodging
 + Level 4.0 Stealth
 + Level 0.3 Shields
 + Level 0.3 Unarmed Combat
 + Level 4.9 Spellcasting
 + Level 2.0 Conjurations
 + Level 0.2 Hexes
 + Level 0.2 Summonings
 + Level 0.2 Necromancy
 + Level 0.2 Translocations
 + Level 5.3 Fire Magic
 + Level 0.2 Ice Magic
 + Level 0.2 Air Magic
 + Level 0.2 Earth Magic
 + Level 0.2 Alchemy
 + Level 0.4 Invocations
 + Level 0.3 Evocations
 + Level 0.2 Shapeshifting


You had 7 spell levels left.
You knew the following spells:

 Your Spells              Type           Power      Damage    Failure   Level
a - Foxfire               Conj/Fire      80%        2x1d8     3%          1
b - Scorch                Fire           54%        2d7       3%          2

Your spell library contained the following spells:

 Spells                   Type           Power      Damage    Failure   Level
 Inner Flame              Hex/Fire       16%        N/A       17%         3
 Volatile Blastmotes      Fire/Tloc      32%        2d12      17%         3
 Flame Wave               Conj/Fire      20%        2d7       36%         4


Dungeon Overview and Level Annotations

Branches:
Dungeon (2/15)

Altars:


Innate Abilities, Weirdness & Mutations

You have very sharp teeth.
Your uncanny sense of smell can sniff out nearby items.
Your experience applies equally to all skills.
You have a pair of small horns on your head.
You possess an exceptional clarity of mind.
You occasionally lose the ability to drink potions when taking damage.


Message History

The adder barely misses you. The hobgoblin barely misses you.
The rat closely misses you. The dart slug launches a dart at you.
The slug dart misses you.
The slug dart misses the hobgoblin.
The adder closely misses you.
d - a staff of fire Your surroundings seem slightly different.
A rat comes into view.
Found a plate armour.
The rat twitches its whiskers.
d - a staff of fire (weapon)
The bat barely misses you. The kobold hits you but does no damage.
You are lethally poisoned!
You feel very sick. The kobold closely misses you.
The rat squeaks loudly.
You hit the bat but do no damage.
* * * LOW HITPOINT WARNING * * *
You feel sick. The bat barely misses you. The kobold closely misses you.
It was a potion of mutation.
You feel extremely strange. A pair of horns grows on your head!
Your thoughts seem clearer.
You occasionally lose the ability to drink potions when taking damage.
* * * LOW HITPOINT WARNING * * *
You feel sick. The bat hits you.
* * * LOW HITPOINT WARNING * * *
The rat closely misses you. The kobold completely misses you.
An endoplasm comes into view.
It was a potion of might.
You feel very mighty all of a sudden.
* * * LOW HITPOINT WARNING * * *
You feel sick. The bat closely misses you. The kobold closely misses you.
The hobgoblin completely misses you.
The endoplasm quivers.
You hit the rat!
You kill the rat!
* * * LOW HITPOINT WARNING * * *
You feel sick. The bat barely misses you. The bat closely misses you.
The bat misses you.
The kobold hits you with a +0 dagger of venom.
You die...

.... ..... .....##
.....#. ....r..
##.#... #
.......#####...∆..
......(@b....[.....
.#.#..KrgS....#<#.#
#.#S#.#####..#.#
#....w.........#
.....#........†.#
#...###..........#
...J# ##.........#
#... #....<....#
#.. #.........#


You could see 2 adders, a dart slug, an endoplasm, a hobgoblin, a bat, a kobold
and 2 rats.

Vanquished Creatures
  A ball python (D:1)
  An endoplasm (D:1)
  A giant cockroach (D:1)
  2 hobgoblins
  4 rats
9 creatures vanquished.

Vanquished Creatures (others)
  17 foxfires
17 creatures vanquished.

Grand Total: 26 creatures vanquished

Notes
Turn   | Place    | Note
-------+----------+-------------------------------------------
     0 | D:1      | jjthehollowmonke the Gnoll Fire Elementalist began the
                  | quest for the Orb.
     0 | D:1      | Reached XP level 1. HP: 13/13 MP: 6/6
   364 | D:1      | Reached XP level 2. HP: 15/19 MP: 7/7
   367 | D:1      | Learned a level 2 spell: Scorch
   522 | D:2      | Identified a scroll of acquirement
   522 | D:2      | Acquired a staff of fire
   528 | D:2      | Gained mutation: You have a pair of small horns on your
                  | head. [potion of mutation]
   528 | D:2      | Gained mutation: You possess an exceptional clarity of
                  | mind. [potion of mutation]
   528 | D:2      | Gained mutation: You occasionally lose the ability to drink
                  | potions when taking damage. [potion of mutation]
   530 | D:2      | HP: 1/20 [poisoned by a kobold]
   530 | D:2      | Slain by a kobold

Illustrated notes

Levels and vault maps discovered:
D:1:      roderic_dead_forest, layout_loops_ring, hangedman_abyss_or_decor_stabs
D:2:      minmay_general_purpose_star, layout_rooms, basic_altar, uniq_terence

Skill      XL: |  1 |
---------------+----+-----
Conjurations   | 2 |  2.0
Fighting       | |  0.3
Short Blades   | |  0.3
Long Blades    | |  0.3
Axes           | |  0.3
Maces & Flails | |  0.3
Polearms       | |  0.3
Staves         | |  0.3
Ranged Weapons | |  0.3
Throwing       | |  0.3
Armour         | |  0.3
Dodging        | |  4.4
Stealth        | |  4.0
Shields        | |  0.3
Unarmed Combat | |  0.3
Spellcasting   | |  4.9
Hexes          | |  0.2
Summonings     | |  0.2
Necromancy     | |  0.2
Translocations | |  0.2
Fire Magic     | |  5.3
Ice Magic      | |  0.2
Air Magic      | |  0.2
Earth Magic    | |  0.2
Alchemy        | |  0.2
Invocations    | |  0.4
Evocations     | |  0.3
Shapeshifting  | |  0.2

Action                     || total
---------------------------++-------
  Melee: Unarmed           ||    16
         Mace              ||     8
         Bite              ||     3
         Punch             ||     1
         Staff             ||     2
   Cast: Foxfire           ||    14
         Scorch            ||     2
    Use: Scroll            ||     2
         Potion            ||     2
   Stab: Sleeping          ||     2
 Armour: Robe              ||    26
  Dodge: Dodged            ||    68
